 Dungeon Crawl Stone Soup version 0.31-a0-174-g85c54bcb58 (webtiles) character file.

Game seed: 8494456158476035699

105 qw the Chopper (level 4, -1/28 HPs)
             Began as a Gargoyle Fighter on June 15, 2023.
             Killed by divine providence
             ... invoked by an orc priest
              (13 damage)
             ... on level 3 of the Dungeon.
             The game lasted 00:01:22 (2273 turns).

qw the Chopper (Gargoyle Fighter)                   Turns: 2273, Time: 00:01:23

Health: -1/28      AC: 15    Str: 21    XL:     4   Next: 81%
Magic:  4/4        EV:  7    Int:  9    God:
Gold:   92         SH:  4    Dex:  9    Spells: 3/3 levels left

rFire   . . .        Y - +0 war axe
rCold   . . .        c - +0 buckler
rNeg    + . .        m - +0 chain mail
rPois   inf          (no helmet)
rElec   +            (no cloak)
rCorr   .            (no gloves)
SInv    .            l - +2 pair of boots
Will    .....        (no amulet) Stlth
                     (no ring)
HPRegen 0.24/turn    (no ring)
MPRegen 0.09/turn

%: no passive effects
@: no status effects
A: sickness immunity, AC +3, negative energy resistance 1, electricity
resistance, torment resistance 1, petrification resistance
a: no special abilities


You were on level 3 of the Dungeon.
You visited 1 branch of the dungeon, and saw 3 of its levels.

You collected 92 gold pieces.


Innate Abilities, Weirdness & Mutations

You are immune to sickness and miasma.
Your stone body is resilient. (AC +3)
You are immune to poison.
You resist negative energy. (rN+)
You are resistant to electric shocks. (rElec)
You are resistant to unholy torment.
You are immune to petrification.


   Skills:
 - Level 3.2 Fighting
 + Level 4.4 Axes
 - Level 3.2 Armour
 - Level 3.2 Shields


You had 3 spell levels left.
You didn't know any spells.
Your spell library was empty.

Inventory:

Hand Weapons
 o - a +0 mace
 Y - a +0 war axe (weapon)
Missiles
 a - 4 boomerangs (quivered)
Armour
 c - a +0 buckler (worn)
 l - a +2 pair of boots (worn)
 m - a +0 chain mail (worn)
Jewellery
 f - a +6 ring of intelligence
Scrolls
 e - 3 scrolls of identify
 h - a scroll of enchant armour
 k - 2 scrolls of teleportation
Potions
 b - a potion of heal wounds
 d - a potion of might
 g - 2 potions of berserk rage {unknown}
 j - a potion of resistance {unknown}

Dungeon Overview and Level Annotations

Branches:
Dungeon (3/15)

Altars:
Ashenzari
Fedhas
Kikubaaqudgha
Makhleb
Qazlal
Uskayaw


Message History

Enter note:
Enter note:
Enter note:
Enter note:
Enter note:
Enter note:
Enter note: An orc priest and an orc come into view.
The orc priest shouts!
The orc shouts!
An orc comes into view. It is wielding a +0 hand axe.
Enter note:
Enter note:
Enter note:
Enter note:
Enter note:
Enter note:
Enter note:
Enter note:
Enter note: The orc shouts!
The orc priest hits you but does no damage.
Enter note:
Enter note:
Enter note:
Enter note:
Enter note:
Enter note:
Enter note:
Enter note:
Enter note: You closely miss the orc priest.
The orc priest invokes the aid of Beogh against you.
Beogh smites you!
Ouch! That really hurt!
You slash the orc priest!
The orc priest is heavily wounded.
The orc priest hits you with a +0 hand axe.
The orc priest calls down the wrath of Beogh upon you.
Beogh smites you!
You die...

###.................#####.....
......###.............#....#.#
..................#...#...##.#
##...............#.._#_..#..#
#..)..##...##...##########..
#.....#.........# #_..##.#
######..........#.. #...#...
#......o.o.... #....#.#
#.....@o.o...# ###....#
##.......o..## ######
##...##...## ##### ####


You could see 2 orc priests and 3 orcs.

Vanquished Creatures
  A sleepcap (D:3)
  2 adders
  A worm (D:2)
  A dart slug (D:1)
  5 orcs (D:3)
  4 ball pythons
  3 endoplasms
  2 giant cockroaches (D:1)
  3 hobgoblins (D:2)
  2 quokkas (D:2)
  5 bats
  3 frilled lizards
  4 goblins
  7 kobolds
  7 rats
50 creatures vanquished.

Notes
Turn   | Place    | Note
-------+----------+-------------------------------------------
     0 | D:1      | qw the Gargoyle Fighter began the quest for the Orb.
     0 | D:1      | Reached XP level 1. HP: 14/14 MP: 1/1
     0 | D:1      | 0 ||| qw: Version: 0.2-a-29-g511e9b1
     0 | D:1      | 0 ||| qw: Game counter: 5338
     0 | D:1      | 0 ||| qw: Always use a shield: true
     0 | D:1      | 0 ||| qw: God list: Okawaru
     0 | D:1      | 0 ||| qw: Allow faded altars: false
     0 | D:1      | 0 ||| qw: Do Orc after D:15 true
     0 | D:1      | 0 ||| qw: Do second Lair branch before Depths: true
     0 | D:1      | 0 ||| qw: Lair rune preference: random
     0 | D:1      | 0 ||| qw: Plans: Normal, Zot:1-4, Slime:5, God:TSO, Crypt,
                  | Tomb, Abyss, Pan, Hells, Win
     0 | D:1      | 0 ||| PLANNING D:1-11
    41 | D:1      | 41 ||| FLEEEEING.
    42 | D:1      | 42 ||| FLEEEEING.
    43 | D:1      | 43 ||| FLEEEEING.
    46 | D:1      | 46 ||| FLEEEEING.
    47 | D:1      | 47 ||| FLEEEEING.
    51 | D:1      | 51 ||| Stepping ~*~*~tactically~*~*~ (hiding).
    52 | D:1      | 52 ||| FLEEEEING.
    53 | D:1      | 53 ||| Stepping ~*~*~tactically~*~*~ (hiding).
    61 | D:1      | Reached skill level 2 in Axes
   138 | D:1      | 138 ||| Stepping ~*~*~tactically~*~*~ (stealth).
   139 | D:1      | 139 ||| Stepping ~*~*~tactically~*~*~ (stealth).
   175 | D:1      | Reached XP level 2. HP: 19/19 MP: 2/2
   195 | D:1      | 195 ||| Stepping ~*~*~tactically~*~*~ (hiding).
   201 | D:1      | 201 ||| Stepping ~*~*~tactically~*~*~ (hiding).
   682 | D:1      | 682 ||| DROPPING +0 club.
   694 | D:1      | Reached skill level 3 in Axes
  1088 | D:1      | 1088 ||| UPGRADING to +0 chain mail.
  1098 | D:1      | 1098 ||| DROPPING +0 scale mail.
  1099 | D:1      | 1099 ||| READING scroll labelled LURYLEOMIE.
  1100 | D:1      | 1100 ||| READING scroll labelled ZIUSAO SIDD.
  1101 | D:1      | 1101 ||| READING scroll labelled MYSCHI XATE.
  1102 | D:1      | 1102 ||| READING scroll labelled LERGHA OGIPLOI.
  1103 | D:1      | 1103 ||| READING scroll labelled HOENYO VODIZAV.
  1106 | D:1      | 1106 ||| READING scroll labelled HODESILAEF.
  1191 | D:2      | 1191 ||| Stepping ~*~*~tactically~*~*~ (hiding).
  1331 | D:2      | Reached XP level 3. HP: 18/23 MP: 3/3
  1399 | D:2      | 1399 ||| FLEEEEING.
  1400 | D:2      | 1400 ||| FLEEEEING.
  1401 | D:2      | 1401 ||| FLEEEEING.
  1402 | D:2      | 1402 ||| FLEEEEING.
  1403 | D:2      | 1403 ||| FLEEEEING.
  1404 | D:2      | 1404 ||| FLEEEEING.
  1405 | D:2      | 1405 ||| FLEEEEING.
  1408 | D:2      | 1408 ||| FLEEEEING.
  1409 | D:2      | 1409 ||| FLEEEEING.
  1410 | D:2      | 1410 ||| FLEEEEING.
  1411 | D:2      | 1411 ||| FLEEEEING.
  1412 | D:2      | 1412 ||| FLEEEEING.
  1413 | D:2      | 1413 ||| FLEEEEING.
  1420 | D:2      | 1420 ||| STAIRDANCE
  1434 | D:1      | 1434 ||| DRINKING 2 clear potions.
  1520 | D:2      | 1520 ||| Stepping ~*~*~tactically~*~*~ (stealth).
  1612 | D:2      | Found a faded altar of an unknown god.
  1617 | D:2      | 1617 ||| Stepping ~*~*~tactically~*~*~ (stealth).
  1654 | D:2      | 1654 ||| Stepping ~*~*~tactically~*~*~ (stealth).
  1859 | D:2      | 1859 ||| UPGRADING to +0 pair of boots.
  1864 | D:2      | 1864 ||| READING scroll of enchant armour.
  1864 | D:2      | 1864 ||| ENCHANTING +0 pair of boots.
  1865 | D:2      | 1865 ||| READING scroll labelled IDORRAFI PUILL.
  1866 | D:2      | 1866 ||| READING scroll labelled JYOTIPL URCHAE.
  1867 | D:2      | 1867 ||| DRINKING 2 cyan potions.
  1868 | D:2      | 1868 ||| DROPPING potion of brilliance.
  1915 | D:3      | Reached skill level 4 in Axes
  1915 | D:3      | Reached XP level 4. HP: 28/28 MP: 4/4
  1919 | D:3      | Found a broken altar of Ashenzari.
  1932 | D:3      | Found a stormy altar of Qazlal.
  1945 | D:3      | Found a hide-covered altar of Uskayaw.
  1970 | D:3      | 1970 ||| READING scroll of enchant armour.
  1970 | D:3      | 1970 ||| ENCHANTING +1 pair of boots.
  2183 | D:3      | Found a faded altar of an unknown god.
  2183 | D:3      | Found a faded altar of an unknown god.
  2191 | D:3      | Found a burning altar of Makhleb.
  2193 | D:3      | Found a blossoming altar of Fedhas.
  2195 | D:3      | Found an ancient bone altar of Kikubaaqudgha.
  2273 | D:3      | Killed from afar by an orc priest

Levels and vault maps discovered:
D:1:      elethiomel_arrival_shortcut, layout_basic, serial_forest,
          infiniplex_forest_pool, infiniplex_forest_clump_small,
          infiniplex_forest_pool, infiniplex_forest_lined_3_way,
          infiniplex_forest_side_room, infiniplex_forest_lined_room_2,
          hangedman_decor_opposing
D:2:      layout_basic, ebering_ecumenical_altar_box, serial_bayou_lagoon_a,
          hangedman_abyss_or_decor_lesser_grid
D:3:      layout_rooms, nicolae_overflow_quartered_altars,
          chequers_temple_overflow_minitemple

Skill      XL: |  1  2  3 |
---------------+----------+-----
Axes           | 2 3 4 |  4.4
Fighting       | |  3.2
Armour         | |  3.2
Shields        | |  3.2

Action                     |  1- 3 |  4- 6 || total
---------------------------+-------+-------++-------
  Melee: War axe           |   142 |    23 ||   165
  Throw: Boomerang         |       |     7 ||     7
    Use: Scroll            |     9 |     1 ||    10
         Potion            |     2 |       ||     2
 Armour: Scale mail        |    37 |       ||    37
         Chain mail        |    37 |    10 ||    47
  Dodge: Dodged            |    64 |     6 ||    70
  Block: Buckler           |    23 |     4 ||    27

Table legend:
 A = Non-vault XP
 B = Vault XP
 C = Vault XP percentage of total XP
 D = Non-vault monster count
 E = Vault monster count
 F = Vault count percentage of total count
                 A         B        C        D         E       F
            +---------+---------+-------+---------+---------+-------
      Total |     150 |       0 |   0.0 |      50 |       0 |   0.0
            +---------+---------+-------+---------+---------+-------
        D:1 |      30 |       0 |   0.0 |      19 |       0 |   0.0
        D:2 |      44 |       0 |   0.0 |      18 |       0 |   0.0
        D:3 |      76 |       0 |   0.0 |      13 |       0 |   0.0
            +---------+---------+-------+---------+---------+-------
